 Dungeon Crawl Stone Soup version 0.29-a0-321-gf1c400731a (webtiles) character file.

Game seed: 11506063164559412898

47 Flugslaktarn the Stinger (level 3, -3/24 HPs)
             Began as a Human Venom Mage on Apr 3, 2022.
             Killed by divine providence
             ... invoked by an orc priest
              (13 damage)
             ... on level 2 of the Dungeon.
             The game lasted 00:03:46 (667 turns).

Flugslaktarn the Stinger (Human Venom Mage)          Turns: 667, Time: 00:03:46

Health: -3/24      AC:  3    Str:  6 (8)  XL:     3   Next: 97%
Magic:  6/6        EV: 12    Int: 16 (17) God:
Gold:   60         SH:  0    Dex: 10 (13) Spells: 4/7 levels left

rFire   + + .      SeeInvis .   i - staff of air
rCold   + . .      Faith    .   (no shield)
rNeg    . . .      Spirit   .   a - +0 robe
rPois   .          Reflect  .   (no helmet)
rElec   +          Harm     .   l - scarf {rC+ rF+}
rCorr   .          Rampage  .   (no gloves)
Will    .....                   m - +0 pair of boots
Stlth   +.........              (no amulet)
HPRegen 0.08/turn               p - ring of protection from fire
MPRegen 0.10/turn               (no ring)

@: confused, ambrosia-drunk
A: no striking features
a: no special abilities


You were on level 2 of the Dungeon.
You visited 1 branch of the dungeon, and saw 3 of its levels.

You collected 60 gold pieces.

Inventory:

Hand Weapons
 c - a +1 hand axe of flaming
   (You took it off a hobgoblin on level 1 of the Dungeon)
Missiles
 e - 3 boomerangs of dispersal
Armour
 a - a +0 robe (worn)
 l - a scarf of resistance (worn)
   (You found it on level 1 of the Dungeon)
 m - a +0 pair of boots (worn)
   (You found it on level 2 of the Dungeon)
Magical Staves
 i - a staff of air (weapon)
   (You found it on level 1 of the Dungeon)
Jewellery
 p - a ring of protection from fire (left hand)
   (You found it on level 1 of the Dungeon)
Scrolls
 g - a scroll of enchant weapon {unknown}
 h - a scroll of fear {unknown}
 r - a scroll of identify
Potions
 b - a potion of curing {unknown}
 d - a potion of degeneration
 f - 2 potions of flight
 j - a potion of ambrosia


   Skills:
 - Level 2.0 Dodging
 - Level 2.0 Stealth
 + Level 2.5 Spellcasting
 - Level 1.0 Transmutations
 - Level 1.0 Air Magic
 - Level 4.0 Poison Magic


You had 4 spell levels left.
You knew the following spells:

 Your Spells              Type           Power      Damage    Failure   Level
a - Sting                 Tmut/Pois      40%        1d5       7%          1
b - Poisonous Vapours     Pois/Air       30%        N/A       11%         2

Your spell library contained the following spells:

 Spells                   Type           Power      Damage    Failure   Level
 Mephitic Cloud           Conj/Pois/Air  11%        N/A       30%         3
 Olgreb's Toxic Radiance  Pois           14%        N/A       36%         4
 Stone Arrow              Conj/Erth      4%         3d7       52%         3
 Animate Armour           Summ/Erth      4%         N/A       89%         4
 Lehudib's Crystal Spear  Conj/Erth      1%         10d2      100%        8


Dungeon Overview and Level Annotations

Branches:
Dungeon (3/15)

Altars:
Elyvilon


Message History

Aim: a hobgoblin (68% to hit)
The sting misses the hobgoblin.
Casting: Sting (safe; 7% risk of failure)
Confirm with . or Enter, or press ? or * to list all spells.
You don't have enough magic to cast this spell.
Unknown command.
You hit the hobgoblin but do no damage. The hobgoblin closely misses you.
The hobgoblin barely misses you.
You barely miss the hobgoblin. The hobgoblin closely misses you.
You hit the hobgoblin.
The hobgoblin is severely wounded.
The hobgoblin barely misses you.
You hit the hobgoblin.
You kill the hobgoblin!
You see here a hobgoblin corpse.
You see here a hobgoblin corpse.
A ball python comes into view.
The ball python hisses angrily.
A kobold comes into view. It is wielding a +0 dagger.
Casting: Sting (safe; 7% risk of failure)
Confirm with . or Enter, or press ? or * to list all spells.
Aiming: Sting (safe; 7% risk of failure)
Press: ? - help, Shift-Dir - straight line, f - ball python
Aim: a ball python (68% to hit)
The sting hits the ball python.
The ball python is poisoned.
You kill the ball python!
The kobold shouts!
Found a scroll labelled WUCHEY WORROTZ.
Casting: Sting (safe; 7% risk of failure)
Confirm with . or Enter, or press ? or * to list all spells.
Aiming: Sting (safe; 7% risk of failure)
Press: ? - help, Shift-Dir - straight line, f - kobold
Aim: a kobold, wielding a +0 dagger (64% to hit)
The sting hits the kobold.
The kobold is poisoned.
The kobold is severely wounded.
You kill the kobold!
k - 2 scrolls labelled WUCHEY WORROTZ (gained 1)
Things that are here:
a +0 dagger; a kobold corpse
Found a hunting sling.
Found 2 poisoned darts.
An endoplasm comes into view.
You see here 2 poisoned darts.
Casting: Sting (safe; 7% risk of failure)
Confirm with . or Enter, or press ? or * to list all spells.
Aiming: Sting (safe; 7% risk of failure)
Press: ? - help, Shift-Dir - straight line, f - endoplasm
Aim: an endoplasm (asleep, 100% to hit)
The sting hits the endoplasm.
The endoplasm partially resists.
The endoplasm is poisoned.
The endoplasm is moderately wounded.
The endoplasm quivers.
You hit the endoplasm.
The endoplasm is almost dead.
The endoplasm freezes you.
You are frozen.
You resist.
You hit the endoplasm.
You kill the endoplasm!
There is a stone staircase leading down here.
You climb downwards.
There is a stone staircase leading up here.
Found a stone staircase leading down.
Found a pair of boots.
You pick up a book of Armaments and begin reading...
You add the spells Stone Arrow, Animate Armour and Lehudib's Crystal Spear to your library.
You see here a +0 pair of boots.
You start putting on your armour.
You continue putting on your +0 pair of boots. x4
Magic restored.
You finish putting on your +0 pair of boots.
There is a stone staircase leading down here.
You climb downwards.
The orc shouts! x2
Found 6 boomerangs.
There is a stone staircase leading up here.
The orc shouts!
The orc hits you from afar with a +0 trident!
The orc hits you but does no damage.
The orc priest hits you with a +0 trident.
The orc misses you.
You climb upwards.
There is a stone staircase leading down here.
Okay, then.
As you read the scroll labelled WUCHEY WORROTZ, it crumbles to dust.
It is a scroll of identify.
f - 2 potions of flight;
r - a scroll of identify The orc misses you. x2
The orc priest hits you with a +0 trident.
* * * LOW HITPOINT WARNING * * *
You are confused.
You feel invigorated. The orc hits you but does no damage.
The orc hits you with a +0 dagger.
* * * LOW HITPOINT WARNING * * *
The orc priest begins to cast a cantrip, but forgets the words!
Unknown command.
You bump into the rock wall.
The orc hits you but does no damage.
The orc priest calls down the wrath of Beogh upon you.
Beogh smites you!
Ouch! That really hurt!
You die...

#..#.##..........
#.......#..######
#..######..# #..#
#..# #..######..#
# ##..........#
#.#.....#####.#
#....o........#
###o@o..######
##...## ##.## #.#
#.# #.# #.# #.#
#.#


You could see an orc priest and 2 orcs.

Vanquished Creatures
  2 gnolls (D:1)
  A dart slug (D:1)
  3 endoplasms
  A goblin (D:1)
  8 hobgoblins (D:1)
  3 ball pythons (D:1)
  2 bats (D:1)
  2 frilled lizards (D:1)
  3 kobolds (D:1)
  A rat (D:1)
26 creatures vanquished.

Notes
Turn   | Place    | Note
-------+----------+-------------------------------------------
     0 | D:1      | Flugslaktarn the Human Venom Mage began the quest for the
                  | Orb.
     0 | D:1      | Reached XP level 1. HP: 13/13 MP: 3/3
    73 | D:1      | Reached XP level 2. HP: 5/19 MP: 0/5
   143 | D:1      | Reached skill level 4 in Poison Magic
   143 | D:1      | Reached XP level 3. HP: 10/24 MP: 1/6
   175 | D:1      | Learned a level 2 spell: Poisonous Vapours
   328 | D:2      | Found a white marble altar of Elyvilon.
   570 | D:1      | Reached skill level 1 in Air Magic
   667 | D:2      | Killed from afar by an orc priest

Illustrated notes

Levels and vault maps discovered:
D:1:      lightli_arrival_farm, layout_loops_ring,
          chequers_serial_rivers_small_a, minmay_octomino_e4
D:2:      layout_loops_ring, ebering_ecumenical_altar_abandoned, basic_altar,
          chequers_serial_rivers_room_a
D:3:      cheibrodos_helix_gallery, layout_loops_ring, cheibriados_altar_1,
          mainiacjoe_overflow_brackets, marbit_many_paths, glass_columns_b

Skill      XL: |  1  2  3 |
---------------+----------+-----
Poison Magic   | 4 |  4.0
Air Magic      | 1 |  1.0
Dodging        | |  2.0
Stealth        | |  2.0
Spellcasting   | |  2.5
Transmutations | |  1.0

Action                   || total
-------------------------++-------
Melee: Unarmed           ||    13
       Staff             ||     9
       Hand axe          ||     4
 Cast: Sting             ||    37
       Poisonous Vapours ||     2
  Use: Potion            ||     4
       Scroll            ||     1
Armor: Robe              ||    30
Dodge: Dodged            ||    53

Table legend: (Time is in decaauts)
 A = Elapsed time spent in this place.
 B = Non-inter-level travel time spent in this place.
 C = Inter-level travel time spent in this place.
 D = Time resting spent in this place.
 E = Time spent auto-exploring this place.
 F = Levels seen in this place.
 G = Mean time per level.
                   A        B        C        D        E       F      G
               +--------+--------+--------+--------+--------+-----+--------+
         Total |    692 |    692 |      0 |      0 |      0 |   3 |  230.7 |
       Dungeon |    692 |    692 |      0 |      0 |      0 |   3 |  230.7 |
               +--------+--------+--------+--------+--------+-----+--------+

Top non-repeatable levels by time:
     D:1: 574 daAuts
     D:2: 116 daAuts
     D:3: 1 daAuts
